 Dungeon Crawl Stone Soup version 0.30-a0-778-g2ef04afb54 (webtiles) character file.

Game seed: 14388197350114128784

172 scionoferis the Ducker (level 5, 41/41 HPs)
             Began as a Demigod Hexslinger on Feb 16, 2023.
             Got out of the dungeon alive.
             The game lasted 00:10:42 (2794 turns).

scionoferis the Ducker (Demigod Hexslinger)         Turns: 2794, Time: 00:10:42

Health: 41/41      AC:  2    Str: 11    XL:     5   Next: 5%
Magic:  9/9        EV: 13    Int: 15    God:
Gold:   126        SH:  0    Dex: 18    Spells: 5/6 levels left

rFire   . . .      SeeInvis .    a - +2 whip (venom)
rCold   . . .      Faith    .    (no shield)
rNeg    . . .      Spirit   .    c - +0 robe
rPois   .          Reflect  .    (no helmet)
rElec   .          Harm     .    (no cloak)
rCorr   .          Rampage  .    (no gloves)
Will    .....      Rage     3%   (no boots)
Stlth   ++                       (no amulet)
HPRegen 0.26/turn                (no ring)
MPRegen 0.11/turn                (no ring)

@: no status effects
A: high MP 1, forlorn, divine attributes, berserk 1, inhibited regeneration
a: no special abilities


You escaped.
You visited 1 branch of the dungeon, and saw 3 of its levels.
You also visited: Sewer.

You collected 126 gold pieces.


Innate Abilities, Weirdness & Mutations

You have an increased reservoir of magic. (+10% MP)
You shall have no god before yourself.
Your divine heritage dramatically boosts your attributes as you level up.
You sometimes lose your temper in combat.
You do not regenerate when monsters are visible.


   Skills:
 + Level 2.0 Fighting
 * Level 2.2 Long Blades
 - Level 2.0 Ranged Weapons
 * Level 3.0 Dodging
 + Level 1.5 Stealth
 - Level 1.2 Spellcasting
 - Level 2.8 Hexes


You had 5 spell levels left.
You knew the following spells:

 Your Spells              Type           Power      Damage    Failure   Level
a - Slow                  Hex            36%        N/A       8%          1

Your spell library contained the following spells:

 Spells                   Type           Power      Damage    Failure   Level
 Lesser Beckoning         Tloc           0%         N/A       36%         2
 Inner Flame              Hex/Fire       5%         N/A       38%         3
 Portal Projectile        Hex/Tloc       10%        N/A       38%         3
 Gell's Gravitas          Tloc           0%         N/A       58%         3
 Teleport Other           Tloc           0%         N/A       58%         3
 Cause Fear               Hex            4%         N/A       58%         4

Inventory:

Hand Weapons
 a - a +2 whip of venom (weapon)
   (You took it off a kobold on level 2 of the Dungeon)
 b - a +1 sling
 d - a +0 short sword
   (You took it off a kobold on level 1 of the Dungeon)
 j - a +0 short sword
   (You took it off a kobold on level 2 of the Dungeon)
 o - a +0 dagger of flaming
   (You found it on level 2 of the Dungeon)
 r - a +1 vampiric dagger
   (You took it off a kobold in a sewer)
Missiles
 i - 8 poisoned darts (quivered)
Armour
 c - a +0 robe (worn)
Scrolls
 g - a scroll of fog
 k - a scroll of poison
 l - a scroll of teleportation
Potions
 e - a potion of haste
 h - a potion of curing

Dungeon Overview and Level Annotations

Branches:
Dungeon (3/15)              Sewer (visited)

Shops:
D:3 =

Annotations:
D:1 dig for frog xp

..............#########.#.#.#
#######..........# #.#.#.# #
#...######.# #.#.#.# #
#...#..>.#.# #.#.#.# #
##..#....#.# #.#.#.# #
#..#..$.#.# #.#.#.# #
##.#....#.# #.#.#.# #
#.######.# #.#.#.# #
#.......@# #.#.#.# #
########## #.#.#.# # #.#.#.#
## # ###.#.# #. #.#.####.
#........ ###.####. #.# #.
#.# #.


There were no monsters in sight!


Message History

You hear an angry hiss.
You shoot a sling bullet. The sling bullet hits the quokka.
You kill the quokka!
You shoot a sling bullet.
The sling bullet closely misses the frilled lizard.
You shoot a sling bullet.
The sling bullet closely misses the frilled lizard.
You shoot a sling bullet.
The sling bullet completely misses the frilled lizard.
You shoot a sling bullet.
The sling bullet closely misses the frilled lizard.
The frilled lizard closely misses you.
You shoot a sling bullet.
The sling bullet hits the frilled lizard.
You kill the frilled lizard!
No target in view!
You see here a frilled lizard corpse.
You open the door.
Found a stone staircase leading up.
A bat comes into view.
You shoot a sling bullet. The sling bullet hits the bat!
You kill the bat!
No target in view!
No target in view!
You see here a bat corpse.
Found a sling.
You see here a +0 sling.
An endoplasm comes into view.
You shoot a sling bullet. The sling bullet hits the endoplasm.
The endoplasm quivers.
The endoplasm is heavily wounded.
You shoot a sling bullet. The sling bullet hits the endoplasm.
You kill the endoplasm!
No target in view!
A rat comes into view.
You shoot a sling bullet. The sling bullet hits the rat.
You kill the rat!
No target in view!
No target in view!
Found a bloodstained altar of Trog.
A rat comes into view.
You shoot a sling bullet. The sling bullet barely misses the rat.
You shoot a sling bullet. The sling bullet barely misses the rat.
You shoot a sling bullet.
The sling bullet closely misses the rat.
You shoot a sling bullet.
The sling bullet closely misses the rat.
The rat barely misses you.
You shoot a sling bullet. The sling bullet hits the rat!
You kill the rat!
No target in view!
A rat comes into view.
You shoot a sling bullet. The sling bullet hits the rat.
The rat is severely wounded.
You shoot a sling bullet. The sling bullet barely misses the rat.
No target in view!
No target in view!
A rat and a kobold come into view.
The kobold is wielding a +2 whip of venom.
Found 10 gold pieces and a club.
The kobold shouts!
You shoot a sling bullet.
The sling bullet hits the kobold but does no damage.
The kobold misses you. The kobold barely misses you.
You shoot a sling bullet. The sling bullet hits the rat.
You kill the rat!
The kobold hits you but does no damage.
You are poisoned.
You shoot a sling bullet. The sling bullet hits the kobold.
The kobold is heavily wounded.
You feel very sick. The kobold closely misses you.
You shoot a sling bullet.
The sling bullet barely misses the kobold.
You feel sick.
The kobold hits you with a +2 whip of venom. x2
You are lethally poisoned!
You are too injured to fight recklessly!
Casting: Slow (safe; 8% risk of failure)
Confirm with . or Enter, or press ? or * to list all spells.
Aiming: Slow (safe; 8% risk of failure)
Press: ? - help, Shift-Dir - straight line, f/p - kobold
Aim: a kobold, wielding a +2 whip of venom and quivering stones (heavily wounded, chance to affect: 61%)
The kobold resists with significant effort.
* * * LOW HITPOINT WARNING * * *
You feel very sick. The kobold barely misses you.
It was a potion of haste.
You feel yourself speed up.
* * * LOW HITPOINT WARNING * * *
You feel very sick. The kobold closely misses you.
It was a potion of curing.
You feel better.
The kobold throws a stone.
The stone hits you.
Aiming: Slow (safe; 8% risk of failure)
Press: ? - help, Q - select action, (/) - cycle Shift-Dir - straight line, f/p - kobold
Aim: a kobold, wielding a +2 whip of venom and quivering stones (heavily wounded, chance to affect: 61%)
The kobold seems to slow down.
The kobold throws a stone.
The stone barely misses you.
Casting: Slow (safe; 8% risk of failure)
Confirm with . or Enter, or press ? or * to list all spells.
Aiming: Slow (safe; 8% risk of failure)
Press: ? - help, Shift-Dir - straight line, f/p - kobold
Aim: a kobold, wielding a +2 whip of venom and quivering stones (heavily wounded, slow, chance to affect: 61%)
Okay, then.
Unknown command.
Fire: a) +1 sling
Press: ? - help, Q - select action, (/) - cycle Shift-Dir - straight line, f/p - kobold
Aim: a kobold, wielding a +2 whip of venom and quivering stones (heavily wounded, slow, 50% to hit)
You shoot a sling bullet.
The sling bullet closely misses the kobold.
Fire: a) +1 sling
Press: ? - help, Q - select action, (/) - cycle Shift-Dir - straight line, f/p - kobold
Aim: a kobold, wielding a +2 whip of venom and quivering stones (heavily wounded, slow, 50% to hit)
You shoot a sling bullet.
The sling bullet barely misses the kobold.
Fire: a) +1 sling
Press: ? - help, Q - select action, (/) - cycle Shift-Dir - straight line, f/p - kobold
Aim: a kobold, wielding a +2 whip of venom and quivering stones (heavily wounded, slow, 50% to hit)
You shoot a sling bullet.
The sling bullet barely misses the kobold.
The kobold throws a stone.
The stone barely misses you.
Fire: a) +1 sling
Press: ? - help, Q - select action, (/) - cycle Shift-Dir - straight line, f/p - kobold
Aim: a kobold, wielding a +2 whip of venom and quivering stones (heavily wounded, slow, 50% to hit)
You shoot a sling bullet.
The sling bullet barely misses the kobold.
Fire: a) +1 sling
Press: ? - help, Q - select action, (/) - cycle Shift-Dir - straight line, f/p - kobold
Aim: a kobold, wielding a +2 whip of venom and quivering stones (heavily wounded, slow, 50% to hit)
You shoot a sling bullet.
The sling bullet completely misses the kobold.
The kobold is no longer moving slowly.
The kobold throws a stone.
The stone barely misses you.
Fire: a) +1 sling
Press: ? - help, Q - select action, (/) - cycle Shift-Dir - straight line, f/p - kobold
Aim: a kobold, wielding a +2 whip of venom and quivering stones (heavily wounded, 50% to hit)
You shoot a sling bullet. The sling bullet hits the kobold.
You kill the kobold!
Things that are here:
a +2 whip of venom; 5 stones; a kobold corpse
k - a +2 whip of venom Adjust to which letter? (? for menu, Esc to quit)
a - a +2 whip of venom;
k - a +1 sling (weapon)
Adjust to which letter? (? for menu, Esc to quit)
b - a +1 sling (weapon);
k - a scroll of poison You start resting.
Magic restored.
Your +2 whip of venom begins to drip with poison!
a - a +2 whip of venom (weapon)
Your +2 whip of venom stops dripping with poison.
b - a +1 sling (weapon)
You start resting.
Your extra speed is starting to run out.
You start resting.
You feel yourself slow down.
HP restored.
You see here a rat corpse.
You now have 57 gold pieces (gained 15).
Found 4 stones.
You now have 66 gold pieces (gained 9).
You now have 76 gold pieces (gained 10).
l - a scroll labelled GOUDIB XUOTTEXT A kobold comes into view.
It is wielding a +0 dagger.
The kobold shouts!
Your +2 whip of venom begins to drip with poison!
a - a +2 whip of venom (weapon)
The kobold hits you but does no damage.
You completely miss the kobold. The kobold misses you.
You hit the kobold.
The kobold is poisoned.
The kobold is moderately wounded.
You kill the kobold!
No target in view!
No target in view!
Your +2 whip of venom stops dripping with poison.
b - a +1 sling (weapon)
You see here a +0 dagger.
An endoplasm, a hobgoblin and a giant cockroach come into view.
Found an escape hatch in the ceiling.
You shoot a sling bullet.
The sling bullet hits the endoplasm but does no damage.
The endoplasm quivers.
You shoot a sling bullet. The sling bullet hits the endoplasm.
The endoplasm is heavily wounded.
Your +2 whip of venom begins to drip with poison!
a - a +2 whip of venom (weapon)
The endoplasm freezes you.
You are frozen.
You hit the endoplasm but do no damage.
The endoplasm is heavily wounded.
The endoplasm freezes you.
You are frozen.
You hit the endoplasm.
You kill the endoplasm!
The giant cockroach closely misses you.
You hit the giant cockroach.
The giant cockroach is poisoned.
The giant cockroach is heavily wounded.
The giant cockroach closely misses you.
You barely miss the giant cockroach.
The giant cockroach is severely wounded.
You kill the giant cockroach!
You closely miss the hobgoblin. The hobgoblin hits you.
You closely miss the hobgoblin. The hobgoblin hits you.
You closely miss the hobgoblin. The hobgoblin hits you.
You are too injured to fight recklessly!
You are too injured to fight recklessly!
You are too injured to fight recklessly!
You are too injured to fight recklessly!
You hit the hobgoblin.
The hobgoblin is poisoned.
The hobgoblin is heavily wounded.
The hobgoblin barely misses you.
The hobgoblin hits you but does no damage.
You hit the hobgoblin.
You kill the hobgoblin!
You see here a hobgoblin corpse.
Your +2 whip of venom stops dripping with poison.
b - a +1 sling (weapon)
You now have 88 gold pieces (gained 12).
m - a grey potion You open the door.
There is an open door here.
As you open the door, it creaks loudly!
There is an open door here.
Found a stone staircase leading down.
There is an open door here.
A hobgoblin comes into view.
The hobgoblin shouts!
You shoot a sling bullet. The sling bullet hits the hobgoblin.
You kill the hobgoblin!
You have reached level 3!
Your experience leads to a dramatic increase in your attributes!
Increase (S)trength, (I)ntelligence, or (D)exterity?
You feel agile. x4
Found a robe.
A rat comes into view.
You shoot a sling bullet. The sling bullet hits the rat.
You kill the rat!
No target in view!
No target in view!
No target in view!
You see here a +0 robe.
A rat comes into view.
The rat moves out of view.
No target in view!
n - a scroll labelled LAICVU CYFIE An endoplasm comes into view.
You shoot a sling bullet.
The sling bullet hits the endoplasm but does no damage.
The endoplasm quivers.
You shoot a sling bullet. The sling bullet hits the endoplasm.
The endoplasm is severely wounded.
You shoot a sling bullet. The sling bullet hits the endoplasm.
You kill the endoplasm!
You shoot a sling bullet. The sling bullet hits the rat.
You kill the rat!
No target in view!
You now have 93 gold pieces (gained 5).
You now have 110 gold pieces (gained 17).
You see here a +0 robe.
A jackal comes into view.
Found a stone staircase leading up.
You shoot a sling bullet. The sling bullet hits the jackal.
The jackal barks!
The jackal is heavily wounded.
No target in view!
No target in view!
No target in view! 2 jackals come into view.
Found a mace.
The jackal barks!
You shoot a sling bullet.
The sling bullet closely misses the jackal.
The jackal barks!
The sling bullet hits the jackal.
You kill the jackal!
You hear a bark!
You shoot a sling bullet.
The sling bullet closely misses the jackal.
The sling bullet hits the jackal.
The jackal is moderately wounded.
The jackal bites you.
A jackal comes into view.
The jackal barely misses you.
You shoot a sling bullet. The sling bullet hits the jackal!
You kill the jackal!
You shoot a sling bullet. The sling bullet hits the jackal.
The jackal is severely wounded.
The jackal misses you. The jackal closely misses you.
You shoot a sling bullet. The sling bullet hits the jackal.
The jackal is almost dead.
The jackal bites you. The jackal closely misses you.
You shoot a sling bullet. The sling bullet hits the jackal!
You kill the jackal!
The jackal misses you.
Your Long Blades skill increases to level 1!
You shoot a sling bullet.
The sling bullet hits the jackal but does no damage.
The jackal bites you but does no damage. x2
You shoot a sling bullet. The sling bullet hits the jackal.
You kill the jackal!
No target in view!
No target in view!
You see here a jackal corpse.
You open the door.
There is an open door here.
You now have 126 gold pieces (gained 16).
An adder comes into view.
You shoot a sling bullet. The sling bullet hits the adder.
The adder hisses angrily.
The adder is lightly wounded.
You shoot a sling bullet. The sling bullet hits the adder.
The adder is heavily wounded.
You shoot a sling bullet. The sling bullet hits the adder.
The adder is severely wounded.
You shoot a sling bullet.
The sling bullet closely misses the adder.
The adder bites you but does no damage.
You shoot a sling bullet. The sling bullet misses the adder.
The adder barely misses you. The adder bites you.
You are poisoned.
The adder poisons you!
Your +2 whip of venom begins to drip with poison!
a - a +2 whip of venom (weapon)
You feel sick.
You closely miss the adder.
The adder is severely wounded.
You feel sick. The adder barely misses you. The adder closely misses you.
You miss the adder.
The adder is severely wounded.
You feel sick. The adder bites you.
You hit the adder but do no damage.
The adder is poisoned.
The adder is severely wounded.
You feel sick. The adder closely misses you.
The adder bites you but does no damage.
You barely miss the adder.
The adder is almost dead.
You feel sick. The adder closely misses you.
You closely miss the adder.
The adder is almost dead.
You feel sick.
You are no longer poisoned.
You kill the adder!
No target in view!
Your +2 whip of venom stops dripping with poison.
b - a +1 sling (weapon)
You see here an adder corpse.
You pick up a book of Displacement and begin reading...
You add the spells Lesser Beckoning, Gell's Gravitas and Teleport Other to your library.
A kobold comes into view. It is wielding a +0 club.
You shoot a sling bullet.
The sling bullet completely misses the kobold.
You shoot a sling bullet.
The sling bullet barely misses the kobold.
Your +2 whip of venom begins to drip with poison!
a - a +2 whip of venom (weapon)
The kobold hits you but does no damage.
You barely miss the kobold. The kobold closely misses you.
You hit the kobold.
You kill the kobold!
No target in view!
No target in view!
Your +2 whip of venom stops dripping with poison.
b - a +1 sling (weapon)
You see here a +0 club.
You see here a +0 dagger of flaming.
o - a +0 dagger of flaming
Found an escape hatch in the floor.
There is an escape hatch in the floor here.
Done exploring.
Done exploring.
Search for what [Enter for "d:", or ? for help]? d: Unknown command.
There is a stone staircase leading down here.
You climb downwards.
You hear the sound of rushing water.
There is an entrance to a sewer on this level.
Hurry and find it before the portal rusts away!
Found a coppery potion.
Found Oggod's Jewellery Boutique.
There is a stone staircase leading up here.
You shoot a sling bullet. The sling bullet hits the endoplasm.
The endoplasm quivers.
The endoplasm is moderately wounded.
You shoot a sling bullet. The sling bullet hits the endoplasm.
You kill the endoplasm!
There is an entrance to Oggod's Jewellery Boutique here.
You can access your shopping list by pressing '$'.
p - a coppery potion A hobgoblin comes into view.
A bat comes into view.
The bat moves out of view.
You shoot a sling bullet. The sling bullet hits the hobgoblin.
The hobgoblin shouts!
The hobgoblin is almost dead.
A ball python comes into view.
You shoot a sling bullet. The ball python hisses angrily.
The sling bullet hits the hobgoblin but does no damage.
The hobgoblin is almost dead.
You hear the slow rusting of a drain very nearby.
A bat comes into view.
You shoot a sling bullet. The sling bullet hits the hobgoblin.
You kill the hobgoblin!
The bat barely misses you. The bat hits you. The bat attacks as you move away!
The bat hits you but does no damage. The bat closely misses you. x2
You shoot a sling bullet. The sling bullet hits the bat.
You kill the bat!
Your +2 whip of venom begins to drip with poison!
a - a +2 whip of venom (weapon)
The ball python barely misses you. x2
You hit the ball python.
The ball python is severely wounded.
The ball python bites you. The ball python grabs you.
The ball python constricts you.
You barely miss the ball python.
The ball python is severely wounded.
The ball python misses you. The ball python constricts you.
You hit the ball python.
You kill the ball python!
No target in view!
Your +2 whip of venom stops dripping with poison.
b - a +1 sling (weapon)
A bat comes into view.
You shoot a sling bullet.
The sling bullet closely misses the bat.
You shoot a sling bullet. The sling bullet misses the bat.
The bat hits you but does no damage.
You shoot a sling bullet.
The sling bullet completely misses the bat.
The bat closely misses you. The bat misses you.
You shoot a sling bullet.
The sling bullet hits the bat but does no damage.
The bat barely misses you.
You shoot a sling bullet. The sling bullet hits the bat.
You kill the bat!
Found 3 poisoned darts.
i - 5 poisoned darts (gained 3)
A rat comes into view.
You shoot a sling bullet. The sling bullet hits the rat.
You kill the rat!
You enter the shallow water.
Moving in this stuff is going to be slow.
A giant cockroach comes into view.
The giant cockroach bites you but does no damage.
Your +2 whip of venom begins to drip with poison!
a - a +2 whip of venom (weapon)
You barely miss the giant cockroach. The giant cockroach barely misses you.
The giant cockroach splashes around in the water.
You hit the giant cockroach but do no damage.
The giant cockroach is poisoned.
The giant cockroach closely misses you.
You hit the giant cockroach.
The giant cockroach is heavily wounded.
The giant cockroach barely misses you.
You barely miss the giant cockroach.
The giant cockroach is almost dead.
You kill the giant cockroach!
Your +2 whip of venom stops dripping with poison.
b - a +1 sling (weapon)
You enter the shallow water.
Moving in this stuff is going to be slow.
You see here a giant cockroach corpse.
You hear the slow rusting of a drain.
You enter the shallow water.
Moving in this stuff is going to be slow.
A worm and a giant cockroach come into view.
You shoot a sling bullet. The sling bullet hits the worm!
The worm is moderately wounded.
Your +2 whip of venom begins to drip with poison!
a - a +2 whip of venom (weapon)
You hit the worm.
The worm is poisoned.
The worm is heavily wounded.
Your unstable footing causes you to fumble your attack.
The worm bites you.
Your unstable footing causes you to fumble your attack.
Your unstable footing causes you to fumble your attack.
The worm bites you.
You hit the worm.
The worm looks as sick as possible!
The worm is almost dead.
You kill the worm!
Your unstable footing causes you to fumble your attack.
The giant cockroach misses you.
Your unstable footing causes you to fumble your attack.
The giant cockroach closely misses you.
You hit the giant cockroach.
The giant cockroach is poisoned.
The giant cockroach is severely wounded.
You kill the giant cockroach!
You enter the shallow water.
Moving in this stuff is going to be slow.
You enter the shallow water.
Moving in this stuff is going to be slow.
A rat and an adder come into view.
The adder misses you. The adder barely misses you.
You hit the adder.
The adder is poisoned.
The adder is severely wounded.
The adder bites you.
You are poisoned.
The adder poisons you!
You closely miss the adder.
The adder is severely wounded.
You feel sick. The adder barely misses you. The adder bites you.
Your unstable footing causes you to fumble your attack.
You feel sick. The adder bites you.
You closely miss the adder.
The adder is almost dead.
You feel sick.
You kill the adder!
Your Stealth skill increases to level 1!
You feel sick.
You hear the slow rusting of a drain.
You feel sick.
You are no longer poisoned.
You start resting.
A rat is nearby!
You barely miss the rat.
The rat splashes around in the water.
You hit the rat but do no damage.
The rat is poisoned.
The rat splashes around in the water.
You closely miss the rat.
The rat is moderately wounded.
You kill the rat!
You enter the shallow water.
Moving in this stuff is going to be slow.
You see here an adder corpse.
A quokka comes into view.
You enter the shallow water.
Moving in this stuff is going to be slow.
A rat comes into view.
The quokka splashes around in the water.
Your unstable footing causes you to fumble your attack.
The quokka closely misses you.
Your unstable footing causes you to fumble your attack.
The quokka misses you.
Your unstable footing causes you to fumble your attack.
The quokka completely misses you.
The quokka bites you but does no damage.
The quokka attacks as you move away! The quokka bites you.
You barely miss the quokka. The quokka misses you.
You hit the quokka.
The quokka is poisoned.
The quokka is almost dead.
You kill the quokka!
You enter the shallow water.
Moving in this stuff is going to be slow.
The rat barely misses you.
You see here a quokka corpse.
You whack the rat!
You kill the rat!
Found a glowing drain.
There is a glowing drain here.
You start resting.
You hear the rusting of a drain.
You start resting.
HP restored.
Your +2 whip of venom stops dripping with poison.
b - a +1 sling (weapon)
The world spins around you as you enter the gateway.
You enter a sewer!
Found a gate leading back out of this place.
There is an empty arch of ancient stone here.
There is a gate leading back out of this place here.
Found an emerald potion.
You enter the shallow water.
Moving in this stuff is going to be slow.
You enter the shallow water.
Moving in this stuff is going to be slow.
Found a ruby potion.
There is a gate leading back out of this place here.
A rat comes into view.
You shoot a sling bullet. The sling bullet hits the rat.
The rat is moderately wounded.
A rat comes into view.
You shoot a sling bullet. The sling bullet barely misses the rat.
You shoot a sling bullet. The sling bullet hits the rat.
You kill the rat!
You shoot a sling bullet. The sling bullet hits the rat.
You kill the rat!
No target in view!
You enter the shallow water.
Moving in this stuff is going to be slow.
A kobold brigand comes into view.
It is wielding a +0 whip and quivering poisoned darts.
There is an empty arch of ancient stone here.
You enter the shallow water.
Moving in this stuff is going to be slow.
You enter the shallow water.
Moving in this stuff is going to be slow.
A worm comes into view.
You shoot a sling bullet. The sling bullet hits the worm.
The worm is lightly wounded.
You shoot a sling bullet.
The sling bullet barely misses the worm.
You shoot a sling bullet. The sling bullet hits the worm.
The worm is heavily wounded.
You shoot a sling bullet. The sling bullet hits the worm.
The worm is severely wounded.
You shoot a sling bullet.
The sling bullet barely misses the worm.
You shoot a sling bullet. The sling bullet hits the worm!
You kill the worm!
You have reached level 4!
You enter the shallow water.
Moving in this stuff is going to be slow.
A worm comes into view.
You shoot a sling bullet. The sling bullet hits the worm!
The worm is heavily wounded.
You shoot a sling bullet. The sling bullet hits the worm.
The worm is heavily wounded.
You shoot a sling bullet. The sling bullet hits the worm!
The worm is severely wounded.
You shoot a sling bullet. The sling bullet hits the worm.
The worm is severely wounded.
You shoot a sling bullet.
The sling bullet barely misses the worm.
You shoot a sling bullet. The sling bullet hits the worm.
The worm is almost dead.
You shoot a sling bullet. The sling bullet hits the worm!
You kill the worm!
No target in view!
No target in view!
You enter the shallow water.
Moving in this stuff is going to be slow.
You see here a worm corpse.
You enter the shallow water.
Moving in this stuff is going to be slow.
Found a potion of curing.
q - a ruby potion
h - 2 potions of curing (gained 1)
You enter the shallow water.
Moving in this stuff is going to be slow.
You enter the shallow water.
Moving in this stuff is going to be slow. 2 endoplasms come into view.
The endoplasm quivers.
You shoot a sling bullet. The sling bullet hits the endoplasm.
The endoplasm is almost dead.
You shoot a sling bullet. The sling bullet hits the endoplasm.
You kill the endoplasm!
You hear a shout!
No target in view!
You shoot a sling bullet. The sling bullet hits the endoplasm.
The endoplasm is heavily wounded.
You shoot a sling bullet. The sling bullet hits the endoplasm.
The endoplasm is almost dead.
You shoot a sling bullet. The sling bullet hits the endoplasm.
You kill the endoplasm!
No target in view!
You enter the shallow water.
Moving in this stuff is going to be slow.
Found an amethyst potion.
Found a bubbling white potion.
A kobold comes into view. It is wielding a +0 dagger.
You enter the shallow water.
Moving in this stuff is going to be slow.
A kobold comes into view. It is wielding a +0 dagger.
The kobold shouts!
You shoot a sling bullet. The sling bullet hits the kobold.
You kill the kobold!
You hear a splash. x2; You hear a shout!
A kobold comes into view. It is wielding a +1 vampiric dagger.
You shoot a sling bullet. The sling bullet misses the kobold.
You shoot a sling bullet.
The sling bullet barely misses the kobold.
You shoot a sling bullet. The sling bullet hits the kobold.
The kobold is moderately wounded.
You shoot a sling bullet.
The sling bullet barely misses the kobold.
You shoot a sling bullet. The sling bullet hits the kobold.
You kill the kobold!
You hear a splash.
You enter the shallow water.
Moving in this stuff is going to be slow.
Things that are here:
a +1 vampiric dagger; a kobold corpse
r - a +1 vampiric dagger
Things that are here:
a +0 dagger; 5 stones
Found a gate leading back out of this place.
You enter the shallow water.
Moving in this stuff is going to be slow.
You enter the shallow water.
Moving in this stuff is going to be slow.
There is a gate leading back out of this place here.
You enter the shallow water.
Moving in this stuff is going to be slow.
Found a sedimented clear potion.
Why would you want to do that?
You enter the shallow water.
Moving in this stuff is going to be slow.
An endoplasm comes into view.
The endoplasm quivers.
You shoot a sling bullet. The sling bullet hits the endoplasm!
You kill the endoplasm!
No target in view!
You enter the shallow water.
Moving in this stuff is going to be slow.
A ball python comes into view.
You shoot a sling bullet. The sling bullet hits the ball python!
You kill the ball python!
A rat comes into view.
You shoot a sling bullet. The sling bullet hits the rat!
You kill the rat!
No target in view!
You enter the shallow water.
Moving in this stuff is going to be slow.
Found a bubbling sapphire potion.
Found a scroll labelled GYMEDU OP SIT.
A kobold comes into view. It is wielding a +0 short sword.
You shoot a sling bullet. The sling bullet hits the kobold.
You kill the kobold!
s - a bubbling sapphire potion
Things that are here:
a +0 short sword; a kobold corpse
f - 2 scrolls labelled GYMEDU OP SIT (gained 1)
You enter the shallow water.
Moving in this stuff is going to be slow.
You enter the shallow water.
Moving in this stuff is going to be slow.
You enter the shallow water.
Moving in this stuff is going to be slow.
You enter the shallow water.
Moving in this stuff is going to be slow.
You enter the shallow water.
Moving in this stuff is going to be slow.
You see here a kobold corpse.
The kobold shouts!
You shoot a sling bullet. The sling bullet hits the kobold.
The kobold is severely wounded.
You shoot a sling bullet. The sling bullet hits the kobold.
You kill the kobold!
Things that are here:
a +0 dagger; a kobold corpse
t - an amethyst potion
u - a bubbling white potion
Things that are here:
a +0 dagger; a kobold corpse You enter the shallow water.
Moving in this stuff is going to be slow.
You enter the shallow water.
Moving in this stuff is going to be slow.
You enter the shallow water.
Moving in this stuff is going to be slow.
You enter the shallow water.
Moving in this stuff is going to be slow.
There is a gate leading back out of this place here.
Unknown command.
You enter the shallow water.
Moving in this stuff is going to be slow.
The kobold brigand shouts!
Your +2 whip of venom begins to drip with poison!
a - a +2 whip of venom (weapon)
Unknown command.
Aiming: Slow (safe; 8% risk of failure)
Press: ? - help, Q - select action, (/) - cycle Shift-Dir - straight line, f - kobold brigand
Aim: a kobold brigand, wielding a +0 whip and quivering poisoned darts (chance to affect: 43%)
Okay, then.
Unknown command.
Throw: 5 darts (poison)
Press: ? - help, Q - select action, (/) - cycle Shift-Dir - straight line, f - kobold brigand
Aim: a kobold brigand, wielding a +0 whip and quivering poisoned darts (53% to hit)
You throw a poisoned dart.
The poisoned dart hits the kobold brigand.
The kobold brigand is poisoned.
The kobold brigand throws a poisoned dart.
The poisoned dart closely misses you.
Throw: 4 darts (poison)
Press: ? - help, Q - select action, (/) - cycle Shift-Dir - straight line, f/p - kobold brigand
Aim: a kobold brigand, wielding a +0 whip and quivering poisoned darts (lightly wounded, poisoned, 53% to hit)
You throw a poisoned dart.
The poisoned dart hits the kobold brigand.
The kobold brigand looks even sicker.
The kobold brigand is lightly wounded.
You hear a splash.
The kobold brigand throws a poisoned dart.
The poisoned dart hits you!
You are poisoned.
Throw: 3 darts (poison)
Press: ? - help, Q - select action, (/) - cycle Shift-Dir - straight line, f/p - kobold brigand
Aim: a kobold brigand, wielding a +0 whip and quivering poisoned darts (lightly wounded, very poisoned, 53% to hit)
You throw a poisoned dart.
The poisoned dart hits the kobold brigand.
The kobold brigand is lightly wounded.
You hear a splash.
You feel sick.
The kobold brigand throws a poisoned dart.
The poisoned dart closely misses you.
Throw: 2 darts (poison)
Press: ? - help, Q - select action, (/) - cycle Shift-Dir - straight line, f/p - kobold brigand
Aim: a kobold brigand, wielding a +0 whip and quivering poisoned darts (lightly wounded, very poisoned, 53% to hit)
You throw a poisoned dart.
The poisoned dart hits the kobold brigand.
The kobold brigand looks even sicker.
The kobold brigand is lightly wounded.
You hear a splash.
You feel sick.
Throw: dart (poison)
Press: ? - help, Q - select action, (/) - cycle Shift-Dir - straight line, f/p - kobold brigand
Aim: a kobold brigand, wielding a +0 whip and quivering poisoned darts (moderately wounded, very poisoned, 53% to hit)
You throw a poisoned dart.
The poisoned dart closely misses the kobold brigand.
You feel sick.
The kobold brigand throws a poisoned dart.
The poisoned dart hits you!
You are more poisoned.
Okay, then.
You enter the shallow water.
Moving in this stuff is going to be slow.
You feel very sick.
The kobold brigand throws a poisoned dart.
The poisoned dart misses you.
You feel very sick.
Your unstable footing causes you to fumble your attack.
You feel sick.
The kobold brigand splashes around in the water.
You closely miss the kobold brigand.
The kobold brigand is moderately wounded.
You feel sick.
The kobold brigand splashes around in the water.
Your unstable footing causes you to fumble your attack.
You feel sick.
The kobold brigand hits you with a +0 whip!
You hit the kobold brigand.
The kobold brigand looks as sick as possible!
The kobold brigand is heavily wounded.
You feel sick.
The kobold brigand splashes around in the water.
You hit the kobold brigand.
The kobold brigand looks as sick as possible!
The kobold brigand is almost dead.
You feel sick. The kobold brigand closely misses you.
You hit the kobold brigand.
The kobold brigand looks as sick as possible!
The kobold brigand is almost dead.
You feel sick.
You are no longer poisoned.
The kobold brigand hits you with a +0 whip!
* * * LOW HITPOINT WARNING * * *
You feel better.
You kill the kobold brigand!
You hear a splash. x2
Your Fighting skill increases to level 2!
Your Long Blades skill increases to level 2!
You start resting.
HP restored.
Things that are here:
a +0 whip; 4 poisoned darts; a kobold corpse You see here a rat skeleton.
i - 3 poisoned darts You see here a rat skeleton.
i - 4 poisoned darts (gained 1)
You enter the shallow water.
Moving in this stuff is going to be slow.
You see here a rat skeleton.
You see here a rat skeleton.
i - 8 poisoned darts (gained 4)
Things that are here:
a +0 whip; a kobold corpse You see here a rat skeleton.
You see here a rat skeleton.
You enter the shallow water.
Moving in this stuff is going to be slow.
A kobold comes into view. It is wielding a +0 short sword.
The kobold shouts!
An adder comes into view.
The adder attacks as you move away! The adder bites you.
The adder closely misses you. The adder bites you.
You barely miss the adder. The adder barely misses you.
You hit the adder.
The adder is poisoned.
The adder is moderately wounded.
The adder bites you. The adder barely misses you.
You closely miss the adder.
The adder is moderately wounded.
The adder misses you.
You closely miss the adder.
The adder is moderately wounded.
The adder closely misses you.
You completely miss the adder.
The adder is moderately wounded.
The adder bites you. The adder barely misses you.
You hit the adder.
The adder looks as sick as possible!
The adder is severely wounded.
You kill the adder!
Your Dodging skill increases to level 3!
You have reached level 5!
You hit the kobold.
The kobold is poisoned.
The kobold is moderately wounded.
The kobold splashes around in the water.
You barely miss the kobold.
The kobold is moderately wounded.
The kobold barely misses you.
You hit the kobold but do no damage.
The kobold looks as sick as possible!
The kobold is heavily wounded.
You kill the kobold!
You hear a splash.
You enter the shallow water.
Moving in this stuff is going to be slow.
You see here a +0 short sword.
You start resting.
HP restored.
You enter the shallow water.
Moving in this stuff is going to be slow.
v - an emerald potion
w - a sedimented clear potion You enter the shallow water.
Moving in this stuff is going to be slow.
Partly explored, can't reach some places.
Search for what [Enter for "d:", or ? for help]? sewer Unknown command.
You enter the shallow water.
Moving in this stuff is going to be slow.
You enter the shallow water.
Moving in this stuff is going to be slow.
You see here a +0 short sword.
You enter the shallow water.
Moving in this stuff is going to be slow.
Things that are here:
a +0 whip; a kobold corpse You enter the shallow water.
Moving in this stuff is going to be slow.
You enter the shallow water.
Moving in this stuff is going to be slow.
You enter the shallow water.
Moving in this stuff is going to be slow.
You enter the shallow water.
Moving in this stuff is going to be slow.
It was a potion of lignification.
You turn into a tree.
Your +0 robe melds into your body.
Your roots penetrate the ground.
You start resting.
Your transformation is almost over.
You start resting.
HP restored.
You feel less wooden.
Your +0 robe unmelds from your body.
It was a potion of might.
You feel very mighty all of a sudden.
It was a potion of cancellation.
Your magical effects are unravelling.
You feel magically purged.
You feel a little less mighty now.
It was a potion of invisibility.
You fade into invisibility!
It was a potion of magic.
Magic courses through your body.
It was a potion of resistance.
You feel protected.
It was a potion of mutation.
You feel extremely strange.
You feel a little pissed off.
Your regeneration stops near monsters.
Unknown command.
It was a potion of brilliance.
You feel clever all of a sudden.
As you read the scroll labelled GYMEDU OP SIT, it crumbles to dust.
It is a scroll of identify.
g - a scroll of fog
As you read the scroll of identify, it crumbles to dust.
l - a scroll of teleportation
As you read the scroll labelled LAICVU CYFIE, it crumbles to dust.
It is a scroll of amnesia.
Forget Slow, freeing 1 spell level for a total of 6?
Really abort (and waste the scroll)?
Okay, then.
You enter the shallow water.
Moving in this stuff is going to be slow. ...and don't expect to remain undetected.
You enter the shallow water.
Moving in this stuff is going to be slow. ...and don't expect to remain undetected.
You flicker for a moment.
You flicker back into view.
You enter the shallow water.
Moving in this stuff is going to be slow.
There is a gate leading back out of this place here.
Welcome back to the Dungeon!
You start to feel less resistant.
There is a collapsed entrance here.
(D) Dungeon
Where to? (Enter - D:3 @ (x,y), ? - help)
What level of the Dungeon? (default 1, ? - help)
You enter the shallow water.
Moving in this stuff is going to be slow.
Your resistance to elements expires.
You see here a quokka skeleton.
You enter the shallow water.
Moving in this stuff is going to be slow.
You see here an adder skeleton.
You enter the shallow water.
Moving in this stuff is going to be slow.
You feel a little less clever now.
You enter the shallow water.
Moving in this stuff is going to be slow.
You enter the shallow water.
Moving in this stuff is going to be slow.
You enter the shallow water.
Moving in this stuff is going to be slow.
There is an entrance to Oggod's Jewellery Boutique here.
There is a stone staircase leading up here.
You climb upwards.
There is a stone staircase leading down here.
There is a stone staircase leading up here.
You climb upwards.
Level annotation: dig for frog xp
There is a stone staircase leading down here.
There is an open door here.
You see here 9 stones.
The bullfrog croaks.
There is a staircase leading out of the dungeon here.
Are you sure you want to leave the Dungeon?
This will make you lose the game!
You have escaped!

Skill      XL: |  1  2  3  4 |
---------------+-------------+-----
Fighting       | 1 2 |  2.0
Ranged Weapons | 2 |  2.0
Dodging        | 2 3 |  3.0
Long Blades    | 1 2 |  2.2
Stealth        | 1 |  1.5
Spellcasting   | |  1.2
Hexes          | |  2.8

Action                     |  1- 3 |  4- 6 || total
---------------------------+-------+-------++-------
  Melee: Whip              |    46 |    15 ||    61
   Fire: Sling             |   108 |    24 ||   132
  Throw: Dart              |       |     5 ||     5
   Cast: Slow              |     2 |       ||     2
    Use: Potion            |     2 |     9 ||    11
         Scroll            |       |     3 ||     3
 Armour: Robe              |    12 |       ||    12
  Dodge: Dodged            |    51 |    11 ||    62

Levels and vault maps discovered:
D:1:      evilmike_arrival_come_back, layout_basic,
          hellmonk_ecumenical_altar_leap_of_faith, minmay_stone_trees_small
D:2:      layout_basic, basic_altar, minmay_hexomino_p4
D:3:      layout_basic, grunt_ashenzari_visionary
          [grunt_ashenzari_visionary_shoals, grunt_ashenzari_visionary_spider],
          grunt_temple_overflow_open, serial_shops, shop,
          gup_sewer_entry_spiral, kennysheep_cross_bottleneck

Notes
Turn   | Place    | Note
-------+----------+-------------------------------------------
     0 | D:1      | scionoferis the Demigod Hexslinger began the quest for the
                  | Orb.
     0 | D:1      | Reached XP level 1. HP: 15/15 MP: 4/4
    10 | D:1      | Noticed a bullfrog
   279 | D:1      | Reached skill level 1 in Fighting
   507 | D:1      | Reached skill level 2 in Ranged Weapons
   507 | D:1      | Reached skill level 2 in Dodging
   507 | D:1      | Reached XP level 2. HP: 23/23 MP: 6/6
  1213 | D:2      | HP: 1/23 [poisoned by a kobold]
  1521 | D:2      | Reached XP level 3. HP: 28/28 MP: 7/7
  1670 | D:2      | Reached skill level 1 in Long Blades
  1936 | D:3      | Found Oggod's Jewellery Boutique.
  2070 | D:3      | Reached skill level 1 in Stealth
  2098 | D:3      | Found a glowing drain.
  2131 | Sewer    | Entered a sewer
  2148 | Sewer    | Noticed a kobold brigand
  2168 | Sewer    | Reached XP level 4. HP: 35/35 MP: 8/8
  2402 | Sewer    | Killed a kobold brigand
  2403 | Sewer    | Reached skill level 2 in Fighting
  2403 | Sewer    | Reached skill level 2 in Long Blades
  2502 | Sewer    | Reached skill level 3 in Dodging
  2502 | Sewer    | Reached XP level 5. HP: 32/41 MP: 9/9
  2642 | Sewer    | Identified a potion of resistance
  2643 | Sewer    | Gained mutation: You sometimes lose your temper in combat.
                  | [potion of mutation]
  2643 | Sewer    | Gained mutation: You do not regenerate when monsters are
                  | visible. [potion of mutation]
  2794 | D:$      | Got out of the dungeon alive.

Vanquished Creatures
  A kobold brigand (Sewer)
  3 adders (D:2 D:3 Sewer)
  3 worms (D:3 Sewer)
  2 dart slugs (D:1)
  3 ball pythons (D:1 D:3 Sewer)
  5 bats (D:1 D:2 D:3)
  8 endoplasms (D:2 D:3 Sewer)
  5 giant cockroaches (D:1 D:2 D:3)
  A goblin (D:2)
  3 hobgoblins (D:2 D:3)
  4 jackals (D:2)
  2 quokkas (D:2 D:3)
  A frilled lizard (D:2)
  11 kobolds (D:1 D:2 Sewer)
  15 rats (D:1 D:2 D:3 Sewer)
67 creatures vanquished.

Table legend: (Time is in decaauts)
 A = Elapsed time spent in this place.
 B = Non-inter-level travel time spent in this place.
 C = Inter-level travel time spent in this place.
 D = Time resting spent in this place.
 E = Time spent auto-exploring this place.
 F = Levels seen in this place.
 G = Mean time per level.
                   A        B        C        D        E       F      G
               +--------+--------+--------+--------+--------+-----+--------+
         Total |   2951 |   2755 |    196 |    195 |   1621 |   4 |  737.8 |
       Dungeon |   2300 |   2104 |    196 |     57 |   1621 |   3 |  766.7 |
         Sewer |    650 |    650 |      0 |    138 |      0 |   1 |  650.0 |
               +--------+--------+--------+--------+--------+-----+--------+

Top non-repeatable levels by time:
     D:2: 1106 daAuts
     D:1: 879 daAuts
   Sewer: 650 daAuts
     D:3: 315 daAuts

Table legend:
 A = Non-vault XP
 B = Vault XP
 C = Vault XP percentage of total XP
 D = Non-vault monster count
 E = Vault monster count
 F = Vault count percentage of total count
                 A         B        C        D         E       F
            +---------+---------+-------+---------+---------+-------
      Total |      79 |     167 |  67.9 |      41 |      26 |  38.8
            +---------+---------+-------+---------+---------+-------
        D:1 |      18 |       0 |   0.0 |       9 |       0 |   0.0
        D:2 |      53 |       4 |   7.0 |      26 |       3 |  10.3
        D:3 |       8 |      26 |  76.5 |       6 |       7 |  53.8
      Sewer |       0 |     137 | 100.0 |       0 |      16 | 100.0
            +---------+---------+-------+---------+---------+-------
